 Dungeon Crawl Stone Soup version 0.25.1-2-g60ff931df9 (webtiles) character file.

Game seed: 13738349744267690555

327 gbos the Chopper (level 6, 0/38 HPs)
             Began as a Gargoyle Fighter on Nov 16, 2020.
             Slain by an ogre
             ... wielding a +0 giant club
              (14 damage)
             ... on level 4 of the Dungeon.
             The game lasted 00:00:34 (3759 turns).

gbos the Chopper (Gargoyle Fighter)                 Turns: 3759, Time: 00:00:34

Health: 0/38       AC: 12    Str: 22    XL:     6   Next: 50%
Magic:  6/6        EV:  7    Int:  8    God:
Gold:   287        SH:  9    Dex:  9    Spells: 5/5 levels left

rFire    . . .     SeeInvis +   Y - +0 war axe
rCold    . . .     Gourm    .   c - +0 kite shield
rNeg     + . .     Faith    .   b - +0 scale mail
rPois    ∞         Spirit   .   j - +0 helmet
rElec    +         Reflect  .   (no cloak)
rCorr    .         Harm     .   (no gloves)
MR       .....                  (no boots)
Stlth    ..........             (no amulet)
HPRegen  0.12/turn              m - ring of see invisible
MPRegen  0.10/turn              (no ring)

@: no status effects
A: negative energy resistance 1, electricity resistance, unbreathing,
petrification resistance, rot immunity, AC +4
a: no special abilities


You were on level 4 of the Dungeon.
You were not hungry.

You visited 1 branch of the dungeon, and saw 4 of its levels.

You collected 287 gold pieces.


Innate Abilities, Weirdness & Mutations

You are resistant to torment.
Your stone body is resilient. (AC +4)
You are immune to poison.
You resist negative energy. (rN+)
You are resistant to electric shocks. (rElec)
You can survive without breathing.
You are immune to petrification.
You are immune to rotting.


   Skills:
 - Level 4.0 Fighting
 - Level 5.4 Axes
 - Level 3.2 Armour
 + Level 0.1 Dodging
 - Level 4.0 Shields


You had 5 spell levels left.
You didn't know any spells.
Your spell library was empty.

Inventory:

Hand Weapons
 l - a +0 flail
 Y - a +0 war axe (weapon)
Armour
 b - a +0 scale mail (worn)
 c - a +0 kite shield (worn)
 j - a +0 helmet (worn)
Jewellery
 m - a ring of see invisible (left hand)
Scrolls
 a - a scroll of identify
 g - 4 scrolls of teleportation
Potions
 d - 3 potions of might
 f - 2 potions of curing
 h - a potion of flight {unknown}
 i - a potion of stabbing {unknown}
 k - 2 potions of heal wounds {unknown}
 n - 2 potions of haste {unknown}
Comestibles
 e - 9 rations

Dungeon Overview and Level Annotations

Branches:
Dungeon (4/15)
 Temple: D:4-7

Altars:
Elyvilon
Gozag
Kikubaaqudgha
Makhleb
Nemelex Xobeh
Trog
Uskayaw
Xom
Yredelemnul

Annotations:
D:3 1 runed translucent door, Crazy Yiuf


Message History

You hit the adder skeleton.
The adder skeleton is lightly damaged.
You block the adder skeleton's attack.
You slash the adder skeleton!
You destroy the adder skeleton!
Found a stone staircase leading down.
k - 2 ruby potions
Found a stone staircase leading up.
g - 4 scrolls of teleportation (gained 1)
You see here a wand of random effects (23).
You now have 287 gold pieces (gained 14).
An ogre comes into view. It is wielding a +0 giant club.
The ogre shouts!
You hit the ogre but do no damage.
The ogre hits you with a +0 giant club!!
Ouch! That really hurt!
You hit the ogre.
The ogre is lightly wounded.
The ogre hits you with a +0 giant club!
You die...

......#.. #...######
........ ..# ##.##
......## ..## #..
.......#####.>#####.
.......#.>.......#.#
#...................
#..................
...............O.###
................@..#
..................##
##.................#
####...#.......#..#
##..##......####
#...#.../...###
#...#.........#
#####<.......##
#...#.#.##


You could see an ogre.

Vanquished Creatures
  2 hounds (D:3)
  An orc wizard (D:3)
  2 orc priests (D:3)
  Jessica (D:2)
  A worker ant (D:3)
  3 gnolls (D:3)
  An adder (D:3)
  An ooze (D:2)
  An adder skeleton (D:4)
  2 worms
  2 leopard geckos
  6 orcs (D:3)
  10 bats
  5 giant cockroaches
  6 goblins
  8 hobgoblins
  3 jackals (D:3)
  5 kobolds
  A quokka (D:3)
  2 ball pythons (D:1)
  3 frilled lizards (D:2)
  13 rats
79 creatures vanquished.

Notes
Turn   | Place    | Note
-------+----------+-------------------------------------------
     0 | D:1      | gbos the Gargoyle Fighter began the quest for the Orb.
     0 | D:1      | Reached XP level 1. HP: 14/14 MP: 1/1
     0 | D:1      | 0 ||| counter = 20
    35 | D:1      | Reached skill level 2 in Axes
    99 | D:1      | Reached XP level 2. HP: 16/19 MP: 2/2
   517 | D:1      | Reached skill level 3 in Axes
   606 | D:1      | Reached XP level 3. HP: 23/23 MP: 3/3
   697 | D:1      | 697 ||| DROPPING +0 club.
   698 | D:1      | 698 ||| UPGRADING to helmet.
   703 | D:1      | 703 ||| READING scroll labeled ZERASUS ZIBRI.
   806 | D:2      | Noticed Jessica
   810 | D:2      | Killed Jessica
   829 | D:2      | Reached XP level 4. HP: 27/28 MP: 4/4
   856 | D:2      | Found a sparkling altar of Nemelex Xobeh.
   970 | D:2      | Noticed a moth of wrath
   973 | D:2      | Found a bloodstained altar of Trog.
   998 | D:2      | Reached skill level 4 in Axes
  1750 | D:2      | Found an opulent altar of Gozag.
  1772 | D:2      | 1772 ||| READING 2 scrolls labeled IBROHA RAASIPI.
  1777 | D:2      | 1777 ||| READING scroll labeled BEMIOS UNTIR.
  1778 | D:2      | 1778 ||| READING 2 scrolls of identify.
  1778 | D:2      | 1778 ||| IDENTIFYING coppery potion
  1802 | D:3      | Found a basalt altar of Yredelemnul.
  1809 | D:3      | Found a hide-covered altar of Uskayaw.
  1812 | D:3      | Found a shimmering altar of Xom.
  1814 | D:3      | Found an ancient bone altar of Kikubaaqudgha.
  1984 | D:3      | 1984 ||| DROPPING mace.
  1992 | D:3      | Reached XP level 5. HP: 32/32 MP: 5/5
  2377 | D:3      | Reached skill level 5 in Axes
  2666 | D:3      | Reached XP level 6. HP: 35/37 MP: 6/6
  2884 | D:3      | Found a runed translucent door.
  2885 | D:3      | Noticed Crazy Yiuf
  3083 | D:3      | Found a burning altar of Makhleb.
  3206 | D:3      | 3206 ||| READING scroll labeled ITUXAO GUIHOV.
  3207 | D:3      | 3207 ||| READING scroll labeled AJULLA OCZAA.
  3208 | D:3      | 3208 ||| READING 2 scrolls of identify.
  3208 | D:3      | 3208 ||| IDENTIFYING tubular iron ring
  3209 | D:3      | 3209 ||| UPGRADING to ring of see invisible.
  3257 | D:3      | 3257 ||| EATING 9 rations.
  3366 | D:4      | 3366 ||| STAIRDANCE
  3526 | D:4      | Found a white marble altar of Elyvilon.
  3759 | D:4      | Slain by an ogre

Levels and vault maps discovered:
D:1:      elethiomel_arrival_quiet, layout_basic, grunt_decor_one_mirror
D:2:      layout_basic, tgw_trog, nemelex_xobeh_ov_fountains_minmay,
          first_ration, ebering_dispersal_statue_hall,
          nicolae_gozag_seed_capital, uniq_jessica
D:3:      layout_loops_ring, makhleb_heckhound_becter, minitemple,
          uniq_crazy_yiuf_cottage
D:4:      layout_cave_pools, elyvilon_altar_3, uniq_edmund

Skill      XL: |  1  2  3  4  5  6 |
---------------+-------------------+-----
Axes           | 2 3 4 5 |  5.4
Fighting       | 4 |  4.0
Shields        | 4 |  4.0
Armour         | |  3.2
Dodging        | |  0.1

Action                   |  1- 3 |  4- 6 || total
-------------------------+-------+-------++-------
Melee: War axe           |    94 |   206 ||   300
  Use: Scroll            |     1 |     6 ||     7
  Eat: Chunk             |       |     7 ||     7
       Ration            |       |     1 ||     1
Armor: Scale mail        |    49 |   112 ||   161
Dodge: Dodged            |    25 |    55 ||    80
Block: Kite shield       |    48 |    79 ||   127
